 Dungeon Crawl Stone Soup version 0.17-a0-1778-gd369669 (webtiles) character file.

469 zeke the Ruffian (level 6, -6/61 HPs)
             Began as a Troll Earth Elementalist on Sept 8, 2015.
             Killed by divine providence
             ... invoked by an orc priest
              (14 damage)
             ... on level 4 of the Dungeon.
             The game lasted 00:10:13 (2618 turns).

zeke the Ruffian (Troll Earth Elementalist)         Turns: 2618, Time: 00:10:13

Health: -6/61      AC:  6    Str: 19    XL:     6   Next: 82%
Magic:  6/6        EV: 10    Int: 11    God:
Gold:   244        SH:  0    Dex: 10    Spells: 1 memorised, 6 levels left

rFire  . . .     SeeInvis .       - Unarmed
rCold  . . .     Clarity  .     b - +0 robe
rNeg   . . .     SustAt   .     (no shield)
rPois  +         Gourm    +     (helmet restricted)
rElec  .         Spirit   .     x - +0 cloak
rCorr  .         Warding  .     (gloves unavailable)
rMut   .         Stasis   .     (boots unavailable)
MR     .....                    (no amulet)
Stlth  +.........               (no ring)
                                m - ring of poison resistance

@: not resistant to hostile enchantments, very unstealthy
A: unfitting armour, claws 3, horns 1, fast metabolism 3, gourmand, poison
resistance, regeneration 2, shaggy fur 1, tough skin 2, subdued magic 1
a: no special abilities


You were on level 4 of the Dungeon.
You were very full.

You visited 1 branch of the dungeon, and saw 4 of its levels.

You collected 244 gold pieces.

Inventory:

Missiles
 a - 130 stones (quivered)
Armour
 b - a +0 robe (worn)
 x - a +0 cloak (worn)
Jewellery
 m - a ring of poison resistance (left claw)
Magical devices
 i - a wand of disintegration (21)
 q - a wand of cold (7)
Scrolls
 g - 2 scrolls of remove curse
 k - a scroll of fog
 n - 2 scrolls of magic mapping {unknown}
 o - a scroll of teleportation
 p - 2 scrolls of identify {unknown}
 r - a scroll of recharging
 w - a scroll of fear {unknown}
Potions
 e - a potion of flight
 h - a potion of poison {unknown}
 t - a potion of ambrosia {unknown}
 v - a potion of degeneration {unknown}
 z - a potion of curing {unknown}
Books
 c - a book of Geomancy

   Spells                             Type                      Level
   a - Sandblast                      Earth                        1
   b - Stoneskin                      Transmutation/Earth          2
   c - Passwall                       Transmutation/Earth          3
   d - Stone Arrow                    Conjuration/Earth            3
   e - Petrify                        Transmutation/Earth          4
   f - Lee's Rapid Deconstruction     Earth                        5
Comestibles
 d - 6 bread rations
 f - 2 meat rations
 j - 2 beef jerkies
 l - 3 royal jellies
 s - 4 fruits
 u - a chunk of flesh


   Skills:
 + Level 3.3 Fighting
 - Level 2.0 Dodging
 - Level 1.1 Stealth
 - Level 5.0 Unarmed Combat
 - Level 1.2 Spellcasting
   Level 0.6 Transmutations
 - Level 3.1 Earth Magic


You had 6 spell levels left.
You knew the following spells:

 Your Spells              Type           Power        Failure   Level  Hunger
a - Sandblast             Erth           #.....       5%          1    ##.....


Dungeon Overview and Level Annotations

Branches:
Dungeon (4/15)
 Temple: D:4-7

Altars:
Makhleb

Shops:
D:4 [


Innate Abilities, Weirdness & Mutations

You are too large for most types of armour.
You have claws for hands.
Your metabolism is lightning-fast.
You like to eat raw meat.
You heal very quickly.
You are covered in fur (AC +1).
You have very tough skin (AC +2).
You have a pair of small horns on your head.
Your system is resistant to poisons.
Your spells are a little easier to cast, but a little less powerful.


Message History

The orc is lightly wounded.
The orc closely misses you. The orc priest hits you with a flail.
You scratch the orc but do no damage.
The orc is lightly wounded.
The orc barely misses you. The orc priest hits you with a flail!
You barely miss the orc priest. You headbutt the orc priest.
The orc priest is lightly wounded.
The orc hits you with a whip.
* * * LOW HITPOINT WARNING * * *
You scratch the orc priest.
The orc priest is moderately wounded.
The orc priest invokes the aid of Beogh against you.
Pain shoots through your body!
* * * LOW HITPOINT WARNING * * *
The orc hits you but does no damage.
You closely miss the orc priest. You headbutt the orc priest.
The orc priest is heavily wounded.
The orc priest invokes the aid of Beogh against you.
Something smites you!
You die...

#..###.##
#.##.......#
#.##.#######
#.##.# #.##.#
#####.##.#
#.....##.#
..##.#.oo#..#
.......@....#
..#########.#
#.# #.# #.#
#.# .#


You could see an orc priest and an orc.

Vanquished Creatures
  Sigmund (D:3)
  An ogre (D:4)
  An orc priest (D:4)
  A hound (D:3)
  2 orc wizards (D:4)
  A worker ant (D:4)
  2 adders (D:2)
  2 worms
  6 giant geckos
  6 orcs
  6 giant cockroaches
  3 goblins (D:1)
  8 hobgoblins
  A quokka (D:3)
  8 bats
  A giant newt (D:2)
  5 kobolds
  5 rats
60 creatures vanquished.

Notes
Turn   | Place    | Note
--------------------------------------------------------------
     0 | D:1      | zeke the Troll Earth Elementalist began the quest for the Orb.
     0 | D:1      | Reached XP level 1. HP: 16/16 MP: 1/1
    83 | D:1      | Reached skill level 3 in Earth Magic
    95 | D:1      | Reached XP level 2. HP: 19/24 MP: 2/2
   392 | D:1      | Reached skill level 1 in Unarmed Combat
   815 | D:2      | Reached XP level 3. HP: 6/31 MP: 3/3
  1682 | D:3      | Noticed Sigmund
  1685 | D:3      | Gained mutation: Your spells are a little easier to cast, but a little less powerful. [potion of mutation]
  1685 | D:3      | Gained mutation: Your system is resistant to poisons. [potion of mutation]
  1685 | D:3      | Gained mutation: You have a pair of small horns on your head. [potion of mutation]
  1772 | D:3      | Killed Sigmund
  1772 | D:3      | Reached skill level 5 in Unarmed Combat
  1772 | D:3      | Reached XP level 4. HP: 39/39 MP: 4/4
  1772 | D:3      | Reached XP level 5. HP: 45/45 MP: 5/5
  2111 | D:3      | Found a faded altar to an unknown god.
  2200 | D:3      | Found a burning altar of Makhleb.
  2206 | D:3      | Reached skill level 1 in Fighting
  2400 | D:4      | Reached XP level 6. HP: 45/55 MP: 6/6
  2478 | D:4      | Noticed an ogre
  2483 | D:4      | Killed an ogre
  2607 | D:4      | Found Jemp's Armour Shoppe.
  2618 | D:4      | Killed from afar by an orc priest

Vault maps used:
D:1:      dpeg_arrival_fog
D:3:      makhleb_heckhound_becter, first_bread, ecumenical_altar_2,
          kennysheep_generic_room_13, uniq_sigmund
D:4:      minmay_temple_entry_junction, serial_shops, nicolae_shop_stone, shop

Action                   |  1- 3 |  4- 6 || total
-------------------------+-------+-------++-------
Melee: Unarmed           |   119 |    75 ||   194
 Cast: Sandblast         |     2 |       ||     2
  Use: Scroll            |     7 |       ||     7
       Potion            |     5 |       ||     5
 Stab: Sleeping          |       |     2 ||     2
  Eat: Chunk             |    17 |    12 ||    29
